 Dungeon Crawl Stone Soup version 0.26-a0-651-gb41185065b (webtiles) character file.

Game seed: 11855373254307013545

5 Lanoc the Stinger (level 1, -1/19 HPs)
             Began as a Naga Wanderer on Oct 29, 2020.
             Slain by a worm (9 damage)
             ... on level 2 of the Dungeon.
             The game lasted 00:00:45 (168 turns).

Lanoc the Stinger (Naga Wanderer)                    Turns: 168, Time: 00:00:46

Health: -1/19      AC:  1    Str: 14    XL:     1   Next: 80%
Magic:  0/3        EV:  9    Int: 12    God:
Gold:   7          SH:  0    Dex: 10    Spells: 3/4 levels left

rFire    . . .     SeeInvis +   a - +2 hand axe
rCold    . . .     Faith    .   (no shield)
rNeg     . . .     Spirit   .   d - +0 robe
rPois    +         Reflect  .   (no helmet)
rElec    .         Harm     .   (no cloak)
rCorr    .         Rampage  .   (no gloves)
MR       .....                  (no barding)
Stlth    +.........             (no amulet)
HPRegen  0.06/turn              (no ring)
MPRegen  0.08/turn              (no ring)

@: very slightly contaminated, very slow
A: large, see invisible, deformed body, poison resistance, slowness 2, spit
poison 1, AC +0
a: Spit Poison


You were on level 2 of the Dungeon.
You visited 1 branch of the dungeon, and saw 2 of its levels.

You collected 7 gold pieces.

Inventory:

Hand Weapons
 a - a +2 hand axe (weapon)
Armour
 d - a +0 robe (worn)
Scrolls
 b - a scroll of enchant armour {unknown}
 e - a scroll of identify {unknown}
Potions
 c - a potion of curing


   Skills:
 + Level 2.2 Fighting
 - Level 1.0 Axes
 - Level 1.0 Throwing
 + Level 0.5 Dodging
 - Level 2.0 Spellcasting
   Level 1.0 Ice Magic
   Level 2.6 Poison Magic
   Level 1.0 Evocations


You had 3 spell levels left.
You knew the following spells:

 Your Spells              Type           Power        Failure   Level
a - Shock                 Conj/Air       #...         26%         1

Your spell library contained the following spells:

 Spells                   Type           Power        Failure   Level
 Static Discharge         Conj/Air       #.......     63%         3


Dungeon Overview and Level Annotations

Branches:
Dungeon (2/15)

Altars:


Innate Abilities, Weirdness & Mutations

You cannot wear boots.
Your serpentine skin is tough. (AC +0)
You have supernaturally acute eyesight. (SInv)
Armour fits poorly on your strangely shaped body.
Your system is resistant to poisons. (rPois)
You cover ground very slowly.
You can spit poison.


Message History

The worm is heavily wounded.
You have got your breath back.
Casting: Shock (safe; 26% risk of failure)
Confirm with . or Enter, or press ? or * to list all spells.
Aiming: Shock (safe; 26% risk of failure)
Press: ? - help, Shift-Dir - straight line, f/p - worm
Aim: a worm (heavily wounded, poisoned)
The zap hits the worm.
The worm is severely wounded.
The zap hits the giant cockroach.
The giant cockroach is moderately wounded.
The worm bites you.
Casting: Shock (safe; 26% risk of failure)
Confirm with . or Enter, or press ? or * to list all spells.
Aiming: Shock (safe; 26% risk of failure)
Press: ? - help, Shift-Dir - straight line, f/p - worm
Aim: a worm (severely wounded, poisoned)
You miscast Shock.
Nothing appears to happen.
The worm looks more healthy.
The worm bites you!
You die...

.) #. ... #. #.# #.
#.##.# #. ...... #.
#.##.# #s
#.##.######
#w#####.#.......#
#.@.....#..####.#
####....#..# #.#
######.##(#..####.#
#..............##.#
#.####.##.#..#.##.#
#....#....##.###
#####...........
##...####### ##.##


You could see a worm and a giant cockroach.

Vanquished Creatures
  A hobgoblin (D:2)
  2 jackals (D:1)
  A quokka (D:2)
4 creatures vanquished.

Notes
Turn   | Place    | Note
-------+----------+-------------------------------------------
     0 | D:1      | Lanoc the Naga Wanderer began the quest for the Orb.
     0 | D:1      | Lanoc set off with the following items: a +2 hand axe, a
                  | potion of curing, a +0 robe; and the following spell
                  | memorised: Shock; and the following spells available to
                  | memorise: Static Discharge
     0 | D:1      | Reached XP level 1. HP: 19/19 MP: 3/3
   168 | D:2      | Slain by a worm

Illustrated notes

Levels and vault maps discovered:
D:1:      moated_graveyard_arrival, layout_loops_ring
D:2:      layout_loops_corners, tso_metal_star

Action                   || total
-------------------------++-------
Melee: Hand axe          ||     3
 Cast: Shock             ||     4
 Abil: Spit Poison       ||     6
Dodge: Dodged            ||     1

Table legend: (Time is in decaauts)
 A = Elapsed time spent in this place.
 B = Non-inter-level travel time spent in this place.
 C = Inter-level travel time spent in this place.
 D = Time resting spent in this place.
 E = Time spent auto-exploring this place.
 F = Levels seen in this place.
 G = Mean time per level.
                   A        B        C        D        E       F      G
               +--------+--------+--------+--------+--------+-----+--------+
         Total |    199 |    195 |      4 |      0 |    154 |   2 |   99.5 |
       Dungeon |    199 |    195 |      4 |      0 |    154 |   2 |   99.5 |
               +--------+--------+--------+--------+--------+-----+--------+

Top non-repeatable levels by time:
     D:2: 114 daAuts
     D:1: 84 daAuts
